 Dungeon Crawl Stone Soup version 0.17.1-3-g152610e (webtiles) character file.

46 Glider the Digger (level 3, -4/19 HPs)
             Began as a Gargoyle Earth Elementalist on Mar 10, 2016.
             Killed from afar by Terence (8 damage)
             ... with a wand of magic darts
             ... on level 2 of the Dungeon.
             The game lasted 00:07:15 (2071 turns).

Glider the Digger (Gargoyle Earth Elementalist)     Turns: 2071, Time: 00:07:15

Health: -4/19      AC:  6    Str: 11    XL:     3   Next: 68%
Magic:  1/6        EV: 12    Int: 16    God:
Gold:   46         SH:  0    Dex: 10    Spells: 3 memorised, 0 levels left

rFire  . . .     SeeInvis .     p - +0 mace
rCold  . . .     Clarity  .     a - +0 robe
rNeg   + . .     SustAt   .     (no shield)
rPois  ∞         Gourm    .     (no helmet)
rElec  +         Spirit   .     m - +0 cloak
rCorr  .         Warding  .     (no gloves)
rMut   .         Stasis   .     (no boots)
MR     .....                    (no amulet)
Stlth  ++........               (no ring)
                                (no ring)

@: not resistant to hostile enchantments, unstealthy
A: negative energy resistance 1, electricity resistance, unbreathing,
petrification resistance, rot immunity, AC +3
a: no special abilities


You were on level 2 of the Dungeon.
You were not hungry.

You visited 1 branch of the dungeon, and saw 2 of its levels.

You collected 46 gold pieces.

Inventory:

Hand Weapons
 p - a +0 mace (weapon)
Missiles
 l - 31 stones (quivered)
Armour
 a - a +0 robe (worn)
 m - a +0 cloak (worn)
Scrolls
 e - 3 scrolls of blinking {unknown}
 k - a scroll of amnesia {unknown}
 o - a scroll of identify {unknown}
 q - a scroll of enchant weapon {unknown}
 r - a scroll of teleportation {unknown}
Potions
 b - a potion of lignification {unknown}
 g - a potion of degeneration {unknown}
 j - a potion of ambrosia {unknown}
 n - a potion of magic {unknown}
Books
 c - a book of Geomancy

   Spells                             Type                      Level
   a - Sandblast                      Earth                        1
   b - Stoneskin                      Transmutation/Earth          2
   c - Passwall                       Transmutation/Earth          3
   d - Stone Arrow                    Conjuration/Earth            3
   e - Petrify                        Transmutation/Earth          4
   f - Lee's Rapid Deconstruction     Earth                        5
Comestibles
 d - 4 bread rations
 f - a chunk of flesh
 h - 2 meat rations
 i - 2 fruits


   Skills:
 - Level 1.5 Dodging
 - Level 2.1 Stealth
 - Level 2.0 Spellcasting
 * Level 0.9 Conjurations
 - Level 0.7 Transmutations
 * Level 5.3 Earth Magic


You couldn't memorise any spells.
You knew the following spells:

 Your Spells              Type           Power        Failure   Level  Hunger
a - Sandblast             Erth           ###...       2%          1    #......
b - Stoneskin             Trmt/Erth      ##......     10%         2    ###....
c - Stone Arrow           Conj/Erth      ##....       17%         3    ###....


Dungeon Overview and Level Annotations

Branches:
Dungeon (2/15)

Altars:

Annotations:
D:2 Terence


Innate Abilities, Weirdness & Mutations

You are resistant to torment.
Your stone body is resilient (AC +3).
You are immune to poison.
You resist negative energy.
You are resistant to electric shocks.
You can survive without breathing.
You are immune to petrification.
You are immune to rotting.


Message History

Terence is heavily wounded.
Terence completely misses you.
You barely miss Terence.
Terence is heavily wounded.
Terence hits you with a flail.
You hit Terence but do no damage.
Terence is heavily wounded.
Terence hits you but does no damage.
You hit Terence.
Terence is severely wounded.
Terence zaps a wand.
The magic dart hits you!
Terence zaps a wand.
The magic dart hits you!
* * * LOW HITPOINT WARNING * * *
You closely miss Terence.
Terence is severely wounded.
Terence completely misses you.
You hit Terence.
Terence is severely wounded.
Terence zaps a wand.
The magic dart hits you!
You die...

#.# #.# #.# #.#
.########## #.#
......@@..#
#.######
..#..####.#
#.#[.... #
#.#######.#.###.
#.............÷.
#########.......
#.#.#### #.#.#
###.#.#
########...#.#


You could see Terence.

Vanquished Creatures
  2 giant geckos (D:1)
  7 bats
  6 goblins (D:1)
  5 hobgoblins
  4 kobolds
  A quokka (D:2)
  3 giant newts
  6 jackals
  7 rats
41 creatures vanquished.

Notes
Turn   | Place    | Note
--------------------------------------------------------------
     0 | D:1      | Glider the Gargoyle Earth Elementalist began the quest for the Orb.
     0 | D:1      | Reached XP level 1. HP: 10/10 MP: 3/3
   306 | D:1      | Reached skill level 4 in Earth Magic
   369 | D:1      | Reached XP level 2. HP: 15/15 MP: 3/5
   376 | D:1      | Learned a level 2 spell: Stoneskin
  1073 | D:1      | Reached skill level 5 in Earth Magic
  1073 | D:1      | Reached XP level 3. HP: 19/19 MP: 6/6
  1142 | D:1      | Learned a level 3 spell: Stone Arrow
  2056 | D:2      | Noticed Terence
  2071 | D:2      | Killed from afar by Terence

Action                   || total
-------------------------++-------
Melee: Unarmed           ||    17
       Short sword       ||    20
       Mace              ||    79
 Cast: Sandblast         ||    56
 Stab: Sleeping          ||     1
  Eat: Chunk             ||     5
